Map: Thunderbird LE

Players

Acxenlupang

  • Race: Protoss Protoss
  • League: Master
  • Spawn Location: 5:00

Mez - Winner!

  • Race: Terran Terran
  • League: Master
  • Spawn Location: 11:00

VOD

Have the link to the VOD?

Description

Time

  • Played on: Aug. 10, 2019, 5:47 p.m.
  • Length: 12:09
Show
View Real Time Build Order
Export as new Build Order

Acxenlupang Protoss 

Build Orders: 1 Gate Expand 

Get SALT Encoding   

  1  0:00  Probe  
  12  0:06  Probe  
  14  0:18  Probe  
  15  0:22  Pylon  
  15  0:40  Probe  
  15  0:41  Gateway  
  16  0:46  Assimilator  
  16  0:54  Probe  
  17  1:02  Probe  
  18  1:11  Probe  
  19  1:21  Nexus  
  19  1:24  Probe  
  20  1:33  Cybernetics Core  
  20  1:37  Probe  
  21  1:43  Pylon  
  21  1:47  Assimilator  
  21  1:51  Probe  
  22  2:00  Warp Gate  
  22  2:03  Probe  
  22  2:04  Stalker  
  24  2:15  Probe  
  25  2:28  Probe  
  26  2:41  Probe  
  26  2:43  Twilight Council  
  27  2:45  Gateway  
  27  2:53  Probe  
  30  2:59  Adept  
  30  3:07  Robotics Facility, Probe  
  30  3:10  Charge  
  30  3:11  Gateway  
  32  3:12  Probe  
  32  3:15  Probe  
  32  3:18  Pylon  
  33  3:22  Pylon  
  33  3:37  Probe  
  33  3:39  Probe  
  35  3:48  Gateway  
  35  3:49  Gateway  
  35  3:55  Warp Prism  
  35  4:01  Probe  
  38  4:04  Probe  
  39  4:13  Probe  
  40  4:20  Probe  
  39  4:26  Templar Archives  
  39  4:32  Probe  
  39  4:34  Assimilator  
  39  4:35  Observer  
  39  4:36  Assimilator  
  41  4:38  Pylon  
  41  4:39  Probe  
  41  4:44  Probe, Forge  
  43  4:46  Gateway  
  43  4:47  Pylon  
  43  4:49  Gateway  
  43  4:56  Psionic Storm  
  43  4:57  Probe x2  
  45  5:08  High Templar  
  45  5:09  Probe  
  48  5:14  Zealot x2  
  48  5:15  Protoss Ground Weapons Level 1  
  48  5:17  Zealot  
  48  5:20  Zealot  
  56  5:23  Probe  
  57  5:30  Observer  
  58  5:42  Zealot x3  
  60  5:45  Probe x2  
  58  5:50  Blink, Warp Prism  
  52  5:57  Probe  
  52  6:01  High Templar  
  52  6:03  Probe  
  56  6:07  Nexus  
  56  6:09  Pylon  
  56  6:21  Probe  
  56  6:24  Probe  
  58  6:27  Observer  
  58  6:30  High Templar x2, Assimilator  
  63  6:33  Probe  
  63  6:37  Assimilator  
  63  6:39  Probe  
  65  6:45  Forge, Gateway  
  65  6:49  Gateway  
  65  6:50  Photon Cannon  
  65  6:52  Pylon  
  65  6:54  Shield Battery  
  65  6:57  Observer  
  66  7:04  Robotics Facility  
  66  7:08  Robotics Bay, Pylon  
  66  7:21  High Templar  
  68  7:22  High Templar  
  70  7:41  Stalker x3  
  76  8:00  Probe x2  
  76  8:03  Probe, Colossus  
  85  8:12  Probe  
  86  8:14  Zealot x2  
  86  8:15  Zealot x5  
  78  8:36  Probe x3  
  78  8:38  Warp Prism  
  79  8:43  Photon Cannon  
  79  8:45  High Templar x3  
  79  8:46  High Templar  
  79  8:47  Shield Battery  
  89  8:52  Gravitic Drive  
  89  8:55  Protoss Ground Armor Level 1, Protoss Ground Weapons Level 2  
  89  8:58  Probe x2  
  89  8:59  Zealot x4, Probe  
  89  9:00  Zealot  
  102  9:09  Gateway  
  102  9:12  Gateway  
  102  9:23  High Templar, Colossus  
  104  9:27  Probe x3  
  113  9:39  Probe x3  
  115  9:48  Zealot  
  117  9:54  Colossus  
  117  9:55  Pylon  
  117  9:57  Pylon x2  
  113  10:00  Pylon  
  113  10:01  Archon  
  113  10:03  Probe  
  112  10:08  Stalker  
  112  10:09  Stalker x2  
  112  10:10  Zealot  
  112  10:12  Disruptor  
  112  10:24  Nexus  
  112  10:25  Pylon  
  112  10:26  Stalker x2  
  112  10:27  Stalker x2, Assimilator  
  112  10:28  Stalker  
  116  10:31  Assimilator  
  116  10:41  Probe  
  117  10:47  Robotics Facility  
  117  10:48  Robotics Facility  
  117  11:00  Stargate  
  117  11:01  Stargate  
  117  11:09  Pylon  
  117  11:39  Zealot x3  
  123  11:46  Zealot x4  
  123  11:47  Zealot x4  
Show
View Real Time Build Order
Export as new Build Order

Mez Terran - Winner!

Build Orders: Reaper Expand 

Get SALT Encoding   

  12  0:01  SCV  
  13  0:13  SCV  
  14  0:18  Supply Depot  
  14  0:25  SCV  
  15  0:39  SCV  
  16  0:43  Barracks  
  16  0:46  Refinery  
  16  0:51  SCV  
  17  1:03  SCV  
  18  1:15  SCV  
  19  1:31  Reaper, Orbital Command  
  20  1:41  Command Center  
  20  1:54  Bunker  
  20  1:58  SCV  
  20  2:00  Supply Depot  
  21  2:11  SCV  
  21  2:12  Barracks Reactor  
  22  2:23  SCV  
  23  2:32  Command Center  
  23  2:36  SCV  
  24  2:48  SCV  
  24  2:49  Marine  
  24  2:50  Marine  
  27  2:53  Factory  
  27  2:55  Orbital Command  
  27  3:04  SCV  
  28  3:07  Marine x2  
  30  3:15  Refinery  
  30  3:16  SCV  
  31  3:24  SCV  
  31  3:25  Marine x2  
  34  3:28  SCV  
  35  3:36  SCV  
  35  3:37  Widow Mine, Starport  
  35  3:40  SCV  
  39  3:43  Refinery, Marine x2  
  41  3:48  Orbital Command  
  41  3:49  SCV  
  41  3:55  SCV  
  43  3:58  Widow Mine  
  43  4:01  SCV  
  46  4:07  SCV  
  47  4:13  SCV  
  47  4:14  Marine x2  
  47  4:15  SCV  
  51  4:19  SCV  
  51  4:21  Factory Tech Lab  
  51  4:22  Starport Tech Lab  
  52  4:26  SCV  
  52  4:27  SCV  
  52  4:28  Supply Depot  
  54  4:35  SCV  
  54  4:36  Marine x2  
  54  4:38  SCV  
  58  4:40  Siege Tank  
  61  4:47  Barracks  
  61  4:50  Raven, SCV x2, Supply Depot  
  61  4:52  Supply Depot  
  65  4:53  SCV  
  65  4:54  Marine x2  
  68  5:02  SCV  
  69  5:12  SCV x2  
  71  5:19  Siege Tank, Marine x2  
  76  5:24  Barracks  
  76  5:26  Engineering Bay  
  76  5:27  Engineering Bay  
  76  5:28  Refinery  
  76  5:30  SCV x2, Supply Depot  
  76  5:31  Barracks, Supply Depot  
  76  5:32  Barracks  
  71  5:51  Orbital Command  
  67  5:57  Starport Reactor  
  67  5:58  Stimpack, Siege Tank  
  67  6:01  SCV x2  
  72  6:13  SCV  
  72  6:14  SCV, Marine  
  72  6:16  Terran Infantry Armor Level 1, Terran Infantry Weapons Level 1  
  75  6:19  Barracks Reactor, Barracks Tech Lab  
  75  6:21  Supply Depot  
  75  6:24  Marine, Marauder  
  78  6:26  Supply Depot  
  78  6:27  SCV x2  
  78  6:32  Marine  
  81  6:42  Marine x2, Marauder  
  81  6:43  Factory Reactor  
  81  6:44  SCV x3  
  81  6:46  Marauder  
  90  6:49  Medivac x2  
  94  6:59  Missile Turret, SCV x2  
  94  7:00  Missile Turret  
  96  7:07  Marauder  
  98  7:11  Combat Shield  
  98  7:12  Missile Turret  
  98  7:13  Missile Turret, Marine x3, Marauder  
  98  7:14  Supply Depot  
  103  7:15  Supply Depot  
  103  7:20  SCV  
  103  7:21  SCV  
  105  7:23  Missile Turret, Refinery  
  105  7:24  Refinery, Marine, Marauder  
  105  7:26  Bunker  
  105  7:29  Ghost Academy, Marauder  
  110  7:31  Marine  
  110  7:34  Medivac  
  110  7:35  Marauder  
  115  7:41  Supply Depot x2  
  115  7:42  SCV x3  
  118  7:46  Marine x3, Marauder  
  118  7:50  Marauder  
  115  7:57  Marauder  
  114  8:01  Barracks  
  114  8:02  Barracks  
  114  8:03  Barracks  
  114  8:04  Supply Depot  
  114  8:09  Supply Depot  
  114  8:11  Ghost, Supply Depot  
  114  8:12  Ghost, Marine  
  118  8:13  Marine x3, Supply Depot  
  118  8:18  Ghost  
  120  8:30  Marine x2  
  120  8:31  Marine x2  
  119  8:39  SCV  
  119  8:40  SCV  
  119  8:41  Marauder x2  
  125  8:42  Command Center  
  125  8:46  Supply Depot x2  
  125  8:47  Marine  
  126  8:48  Marine  
  126  8:52  Barracks Tech Lab  
  126  8:53  Barracks Reactor, Barracks Tech Lab  
  126  8:54  Marine  
  128  8:58  SCV x3  
  128  9:02  Marauder  
  133  9:04  Marine x2, Marauder  
  133  9:05  Marauder  
  133  9:08  Armory  
  133  9:09  Medivac  
  141  9:10  Medivac  
  141  9:16  Marine x2, Marauder x2  
  149  9:31  Widow Mine x2  
  153  9:32  Ghost x3, Marine x2  
  153  9:33  Marine x3  
  164  10:02  Ghost x3  
  164  10:03  Marine x3, Marauder  
  164  10:04  Marauder  
  164  10:05  Medivac x2  
  181  10:13  Missile Turret  
  177  10:25  Marauder  
  176  10:35  Planetary Fortress  
  173  10:37  Refinery, Marine, Marauder  
  173  10:38  Marine x7, Marauder  
  173  10:42  Refinery  
  185  10:46  Marine  
  186  10:50  Medivac  
  186  10:53  SCV  
  186  10:54  SCV x2  
  186  10:55  Marine x2  
  197  10:57  Marauder x2  
  197  10:59  Marauder  
  199  11:05  Marine  
  187  11:51  Marine x4  
Tags
 
Add a new tag
Caveats
  • Supply blocks, unpowered buildings, or Contaminate may cause inaccurate times.
  • Supply counts are checked every 10 seconds.